 Dungeon Crawl Stone Soup version 0.17-a0-957-ga3519be (webtiles) character file.

6255 FedoraBrony69 the Thaumaturge (level 10, -5/50 HPs)
             Began as a Deep Elf Conjurer on May 7, 2015.
             Was a Priest of Kikubaaqudgha.
             Slain by a hell rat (7 damage)
             ... on level 1 of the Lair of Beasts.
             The game lasted 00:32:20 (10339 turns).

FedoraBrony69 the Thaumaturge (Deep Elf Conjurer)  Turns: 10339, Time: 00:32:21

Health: -5/50      AC: 11    Str:  3    XL:     10   Next: 62%
Magic:  2/36       EV:  8    Int: 24    God:    Kikubaaqudgha [***...]
Gold:   499        SH:  0    Dex: 15    Spells: 6 memorised, 11 levels left

rFire  . . .     SeeInvis .     K - +3 whip (flame)
rCold  x . .     Clarity  +     k - +4 ring mail "Voihuff" {rElec rC- rN+++}
rNeg   + + +     SustAb   .     (no shield)
rPois  .         Gourm    .     (no helmet)
rElec  +         Spirit   .     F - +0 cloak
rCorr  .         Warding  .     (no gloves)
rMut   .         Rnd*Tele +     e - +0 pair of boots {Fly}
MR     +....                    h - amulet of clarity
Stlth  ++........               u - +6 ring of slaying
                                l - ring of magical power

@: lethally poisoned (-5 -> -19), flying, very slightly contaminated, somewhat
resistant to hostile enchantments, unstealthy
A: teleportitis 1, weak 1
a: Receive Corpses, Renounce Religion, Stop Flying


You were on level 1 of the Lair of Beasts.
You worshipped Kikubaaqudgha.
Kikubaaqudgha was most pleased with you.
You were hungry.

You visited 3 branches of the dungeon, and saw 11 of its levels.

You collected 583 gold pieces.
You spent 84 gold pieces at shops.

Inventory:

Hand weapons
 K - a +3 whip of flaming (weapon)
Armour
 e - a +0 pair of boots of flying (worn)
 k - the +4 ring mail "Voihuff" (worn) {rElec rC- rN+++}
   (You found it on level 5 of the Dungeon)

   It makes you vulnerable to cold.
   It insulates you from electricity.
   It renders you almost immune to negative energy.
 F - a +0 cloak (worn)
 I - a +2 robe
Magical staves
 a - an uncursed staff of wizardry
 O - an uncursed staff of earth
Jewellery
 f - an uncursed ring of protection from cold
 h - an amulet of clarity (around neck)
 l - a ring of magical power (left hand)
 r - an uncursed ring of flight
 u - a +6 ring of slaying (right hand)
 y - a +4 ring of dexterity
 C - an uncursed ring of stealth
Magical devices
 o - a wand of enslavement (12)
 D - a wand of teleportation (1)
Scrolls
 d - 3 scrolls of blinking
 j - a scroll of acquirement {unknown}
 m - 3 scrolls of remove curse
 n - 2 scrolls of teleportation {unknown}
 p - 2 scrolls of noise {unknown}
 z - 2 scrolls of fear {unknown}
 E - 2 scrolls of enchant weapon
 H - 4 scrolls of recharging
 L - a scroll of fog
 N - a scroll of magic mapping
Potions
 i - a potion of berserk rage {unknown}
 q - 9 potions of curing
 s - a potion of might
 t - 3 potions of brilliance
 v - 2 potions of agility
 x - 6 potions of heal wounds
 G - a potion of cancellation
Books
 b - a book of Conjurations

   Spells                             Type                      Level
   a - Magic Dart                     Conjuration                  1
   b - Searing Ray                    Conjuration                  2
   c - Dazzling Spray                 Conjuration/Hexes            3
   d - Fulminant Prism                Conjuration/Hexes            4
   e - Iskenderun's Mystic Blast      Conjuration                  4
   f - Iskenderun's Battlesphere      Conjuration/Charms           5
 J - Kikubaaqudgha's Guide on Sinister Arts
   (Kikubaaqudgha gifted it to you on level 4 of the Dungeon)

   Spells                             Type                      Level
   a - Animate Skeleton               Necromancy                   1
   b - Corpse Rot                     Necromancy                   2
   c - Sublimation of Blood           Necromancy                   2
   d - Regeneration                   Charms/Necromancy            3
   e - Control Undead                 Necromancy                   4
 P - Kikubaaqudgha's Reference Book on Unholy Arts
   (Kikubaaqudgha gifted it to you on level 7 of the Dungeon)

   Spells                             Type                      Level
   a - Excruciating Wounds            Charms/Necromancy            5
   b - Bolt of Draining               Conjuration/Necromancy       5
   c - Cigotuvi's Embrace             Necromancy                   5
   d - Dispel Undead                  Necromancy                   5
   e - Death Channel                  Necromancy                   6
Comestibles
 c - 14 bread rations
 g - 3 royal jellies
 w - 3 beef jerkies
 A - 3 meat rations
 B - 7 fruits


   Skills:
 - Level 2.4 Dodging
 - Level 2.4 Stealth
 + Level 11.3 Spellcasting
 + Level 10.1 Conjurations
 - Level 9.3 Charms
 * Level 10.3 Necromancy


You had 11 spell levels left.
You knew the following spells:

 Your Spells              Type           Power        Failure   Level  Hunger
a - Magic Dart            Conj           ####         1%          1    None
b - Iskenderun's Battles  Conj/Chrm      ######..     21%         5    ####...
c - Iskenderun's Mystic   Conj           ######..     10%         4    None
d - Bolt of Draining      Conj/Necr      ######....   17%         5    ####...
m - Sublimation of Blood  Necr           ######....   1%          2    None
n - Regeneration          Chrm/Necr      ######....   1%          3    None


Dungeon Overview and Level Annotations

Branches:
Dungeon (8/15)             Temple (1/1) D:7            Lair (2/8) D:8

Altars:
Ashenzari
Cheibriados
Dithmenos
Elyvilon
Fedhas
Gozag
Kikubaaqudgha
Makhleb
Nemelex Xobeh
Okawaru
Qazlal
Ru
Sif Muna
Trog
Vehumet
Xom
Yredelemnul
Zin
The Shining One
Lugonu

Shops:
D:8 =


Innate Abilities, Weirdness & Mutations

You are occasionally teleported to nearby monsters.
You are weak. (Str -2)


Message History

Aiming: Iskenderun's Mystic Blast
Press: ? - help, Shift-Dir - straight line, f - hell rat
Aim: a hell rat The orb of energy misses the hell rat.
You are feeling hungry.
You feel sick.
The hell rat bites you but does no damage.
The worker ant bites you.
You are more poisoned.
The worker ant poisons you!
An electric eel comes into view.
You feel sick. The hell rat bites you!
* * * LOW HITPOINT WARNING * * *
The worker ant bites you but does no damage.
The hell rat bites you but does no damage.
You fly upwards.
* * * LOW HITPOINT WARNING * * *
You feel sick. The worker ant barely misses you. The hell rat bites you!
You die...
Kikubaaqudgha rasps: "You have failed me!
Welcome... death!"

.............................# #†
..###.#......................# ##
......'......................# #.
......#......(...............###.
......#......................##r#
......#................########r#
.......................# ##.
.................rr.t..# #†
......#........r@a.....# #r
...............a######## #r.†
#######.........# #...
................# #r#..
######.###.###### ..#.## ### ###
r#### #


You could see a crocodile, 2 hell rats, 2 worker ants and a rat.

Vanquished Creatures
  Pikel (D:6)
  The ghost of FedoraBrony69 the Thaumaturge, an experienced DECj of Kikubaaqudgha (D:7)
  A spiny frog (Lair:1)
  Duvessa (D:6)
  A spriggan (D:7)
  Sigmund (D:6)
  A hippogriff (Lair:1)
  A human (D:4)
  A yak (Lair:1)
  2 soldier ants (Lair:1)
  2 orc warriors (D:6)
  4 ogres
  3 centaurs
  2 ice beasts
  5 phantoms
  A porcupine (Lair:1)
  3 sky beasts
  2 crocodiles (Lair:1)
  4 giant frogs
  Blork the orc (D:5)
  Dowan (D:6)
  2 scorpions
  4 orc priests
  A crimson imp (D:7)
  A quasit (D:6)
  A wasp zombie (D:8)
  A giant frog skeleton (D:8)
  4 hounds
  18 worker ants
  An iguana (D:8)
  4 orc wizards
  Natasha (twice) (D:4)
  A centaur skeleton (D:8)
  5 hell rats (Lair:1)
  2 hound skeletons
  2 worker ant zombies
  8 gnolls (D:6)
  2 river rats (Lair:1)
  13 adders
  2 oozes
  5 worms (D:2)
  An adder skeleton (D:6)
  20 orcs
  A bat skeleton (D:7)
  16 goblins
  7 hobgoblins
  10 jackals
  12 kobolds
  4 ball pythons
  14 bats
  4 giant cockroaches
  5 giant geckos
  3 giant newts
  A goblin zombie (D:4)
  A jackal skeleton (D:4)
  6 quokkas
  21 rats
244 creatures vanquished.

Vanquished Creatures (others)
  A slave (D:6)
  A shadow imp (D:6)
  A kobold (D:6)
  A plant (Lair:1)
4 creatures vanquished.

Grand Total: 248 creatures vanquished

Notes
Turn   | Place    | Note
--------------------------------------------------------------
     0 | D:1      | FedoraBrony69, the Deep Elf Conjurer, began the quest for the Orb.
     0 | D:1      | Reached XP level 1. HP: 10/10 MP: 6/6
   150 | D:1      | Reached XP level 2. HP: 15/15 MP: 2/8
   819 | D:2      | Reached XP level 3. HP: 19/19 MP: 2/10
   899 | D:2      | Reached skill level 5 in Conjurations
  1495 | D:2      | Reached XP level 4. HP: 11/24 MP: 0/12
  1874 | D:2      | Found a sparkling altar of Nemelex Xobeh.
  2019 | D:3      | Reached skill level 5 in Spellcasting
  2276 | D:2      | Reached XP level 5. HP: 9/28 MP: 15/15
  2296 | D:2      | Learned a level 5 spell: Iskenderun's Battlesphere
  2301 | D:2      | Learned a level 4 spell: Iskenderun's Mystic Blast
  2523 | D:3      | Found an ancient bone altar of Kikubaaqudgha.
  2581 | D:3      | Became a worshipper of Kikubaaqudgha
  2651 | D:3      | Reached skill level 1 in Charms
  2685 | D:3      | Reached skill level 6 in Conjurations
  2833 | D:3      | Found a shattered altar of Ashenzari.
  2833 | D:3      | Found a glowing silver altar of Zin.
  2834 | D:3      | Found a blossoming altar of Fedhas.
  3082 | D:4      | Noticed Natasha
  3088 | D:4      | Killed Natasha
  3134 | D:4      | Reached XP level 6. HP: 32/32 MP: 16/16
  3476 | D:4      | Reached skill level 5 in Charms
  3690 | D:4      | Acquired Kikubaaqudgha's first power
  3690 | D:4      | Received a gift from Kikubaaqudgha
  3696 | D:4      | Reached XP level 7. HP: 36/36 MP: 18/18
  3699 | D:4      | Identified Kikubaaqudgha's Guide on Sinister Arts (Kikubaaqudgha gifted it to you on level 4 of the Dungeon)
  3705 | D:4      | Learned a level 2 spell: Sublimation of Blood
  3709 | D:4      | Learned a level 3 spell: Regeneration
  3821 | D:4      | Noticed Natasha
  3825 | D:4      | Killed Natasha
  3874 | D:4      | Found a runed door.
  3874 | D:4      | Noticed a human
  3877 | D:4      | Found a basalt altar of Yredelemnul.
  4011 | D:4      | Killed a human
  4043 | D:5      | Entered Level 5 of the Dungeon
  4304 | D:5      | Reached skill level 7 in Spellcasting
  4586 | D:5      | Found a glowing golden altar of the Shining One.
  4759 | D:5      | Noticed Blork the orc
  4762 | D:5      | Killed Blork the orc
  4762 | D:5      | Reached XP level 8. HP: 41/41 MP: 19/21
  4765 | D:5      | Got a translucent ring mail
  4840 | D:5      | Found a burning altar of Makhleb.
  4998 | D:5      | Found a white marble altar of Elyvilon.
  5009 | D:5      | Reached skill level 8 in Charms
  5148 | D:5      | Reached skill level 9 in Charms
  5368 | D:5      | Found an opulent altar of Gozag.
  5492 | D:6      | Noticed Duvessa
  5492 | D:6      | Noticed Dowan
  5498 | D:6      | Killed Dowan
  5498 | D:6      | Reached skill level 1 in Necromancy
  5707 | D:6      | Acquired Kikubaaqudgha's second power
  5822 | D:6      | Noticed Pikel
  5826 | D:6      | Killed Pikel
  5826 | D:6      | Reached skill level 5 in Necromancy
  5826 | D:6      | Reached XP level 9. HP: 45/45 MP: 8/24
  5948 | D:6      | Killed Duvessa
  5979 | D:6      | Found a shimmering altar of Xom.
  6077 | D:6      | Noticed Sigmund
  6078 | D:6      | Killed Sigmund
  6116 | D:6      | Identified the +4 ring mail "Voihuff" {rElec rC- rN+++} (You found it on level 5 of the Dungeon)
  7151 | D:7      | Reached skill level 10 in Spellcasting
  7239 | D:7      | Noticed FedoraBrony69's ghost (experienced DECj)
  7245 | D:7      | Killed FedoraBrony69's ghost
  7322 | D:7      | Found a staircase to the Ecumenical Temple.
  7346 | Temple   | Entered the Ecumenical Temple
  7780 | D:7      | Reached XP level 10. HP: 43/50 MP: 18/26
  8025 | D:7      | Received a gift from Kikubaaqudgha
  8026 | D:7      | Identified Kikubaaqudgha's Reference Book on Unholy Arts (Kikubaaqudgha gifted it to you on level 7 of the Dungeon)
  8033 | D:7      | Learned a level 5 spell: Bolt of Draining
  8782 | D:8      | Gained mutation: You are clumsy. (Dex -2) [mutagenic meat]
  8783 | D:8      | Lost mutation: You are clumsy. (Dex -2) [mutagenic meat]
  8784 | D:8      | Gained mutation: You are clumsy. (Dex -2) [mutagenic meat]
  8785 | D:8      | Lost mutation: You are clumsy. (Dex -2) [mutagenic meat]
  8786 | D:8      | Gained mutation: You are occasionally teleported to nearby monsters. [mutagenic meat]
  8787 | D:8      | Gained mutation: You are weak. (Str -2) [mutagenic meat]
  8981 | D:8      | Found a sacrificial altar of Ru.
  9032 | D:8      | Found a staircase to the Lair.
  9036 | D:8      | Found Lecudgh's Jewellery Shoppe.
  9040 | D:8      | Bought a cursed ring of loudness for 58 gold pieces
  9040 | D:8      | Bought a cursed amulet of inaccuracy for 26 gold pieces
  9184 | D:8      | Found a shattered altar of Ashenzari.
  9373 | Lair:1   | Entered Level 1 of the Lair of Beasts
  9586 | Lair:1   | Reached skill level 11 in Spellcasting
  9755 | D:8      | Reached skill level 10 in Necromancy
  9893 | Lair:1   | Reached skill level 10 in Conjurations
 10339 | Lair:1   | HP: 2/50 [poisoned by a worker ant]
 10339 | Lair:1   | Slain by a hell rat

Action                   |  1- 3 |  4- 6 |  7- 9 | 10-12 || total
-------------------------+-------+-------+-------+-------++-------
Melee: Club              |       |    15 |       |       ||    15
       Spear             |       |       |     1 |       ||     1
       Whip              |       |       |     4 |     3 ||     7
       Staff             |       |       |       |     1 ||     1
 Cast: Magic Dart        |    87 |   122 |   136 |    48 ||   393
       Iskenderun's Myst |       |     8 |    66 |    66 ||   140
       Iskenderun's Batt |       |       |    20 |    12 ||    32
       Sublimation of Bl |       |       |     5 |    11 ||    16
       Regeneration      |       |       |     1 |     2 ||     3
       Bolt of Draining  |       |       |       |     2 ||     2
  Use: Potion            |       |     1 |       |     1 ||     2
       Scroll            |       |       |     5 |     8 ||    13
  Eat: Chunk             |     1 |     8 |    19 |    11 ||    39
       Meat ration       |       |       |       |     1 ||     1
